 Dungeon Crawl Stone Soup version 0.19.5 (webtiles) character file.

62044 equalderp2856 the Carver (level 14, -4/113 HPs)
             Began as a Mummy Fighter on Mar 30, 2017.
             Slain by a 19-headed hydra (5 damage)
             ... on level 1 of the Lair of Beasts.
             The game lasted 01:58:42 (32832 turns).

equalderp2856 the Carver (Mummy Fighter)           Turns: 32832, Time: 01:58:43

Health: -4/113     AC: 21    Str: 25    XL:     14   Next: 62%
Magic:  23/23      EV: 13    Int: 14    God:
Gold:   1344       SH: 19    Dex: 16    Spells: 2 memorised, 10 levels left

rFire  x . .     SeeInvis .     t - +3 long sword (elec)
rCold  + + .     Gourm    .     n - +0 plate armour
rNeg   + + +     Faith    .     c - +1 shield
rPois  ∞         Spirit   .     T - +1 helmet {Int+3}
rElec  .         Reflect  +     r - +2 cloak
rCorr  .         Harm     .     w - +1 pair of gloves
MR     +....     NoTele   +     (no boots)
Stlth  ..........               O - +5 amulet of reflection
                                Q - +4 ring of evasion
                                L - ring "Vushrebyg" {-Tele rC+ MP+9 Str+5 Dex+4}

@: studying 2 skills
A: no food or potions, fire vulnerability, cold resistance 1, negative energy
resistance 3, torment resistance, unbreathing, in touch with death 1
a: no special abilities


You were on level 1 of the Lair of Beasts.
You were not hungry.

You visited 2 branches of the dungeon, and saw 16 of its levels.
You also visited: Labyrinth and Bailey.

You collected 1344 gold pieces.

Inventory:

Hand Weapons
 h - a +0 quarterstaff of protection
 k - a +0 dagger of venom
 l - a +4 scimitar of flaming
 t - a +3 long sword of electrocution (weapon)
 u - the +6 hunting sling of the Jolly Demons {freeze, MR++}
   (You found it on level 4 of the Dungeon)

   It causes projectiles fired from it to freeze those they strike, causing
   extra injury to most foes and up to half again as much damage against
   particularly susceptible opponents.
   They can also slow down cold-blooded creatures.
   It affects your resistance to hostile enchantments.
 G - a +0 hunting sling
 R - a +0 long sword
 W - a +0 longbow
 Z - a +1 great sword
Missiles
 b - 419 stones (quivered)
 m - 709 arrows
 q - 15 javelins of returning
 v - 113 sling bullets
 C - 2 throwing nets
Armour
 c - a +1 shield (worn)
 d - a +0 robe of resistance
 n - a +0 plate armour (worn)
 r - a +2 cloak (worn)
 w - a +1 pair of gloves (worn)
 E - a +1 robe of magic resistance
 F - a +2 hat
 T - a +1 helmet of intelligence (worn)
 U - a +1 ring mail of poison resistance
 V - +0 steam dragon scales
Jewellery
 o - the ring "Fizxiat" {rPois rN+ Dex+5 SInv}
   (You found it in a labyrinth)

   [ring of see invisible]

   It affects your dexterity (+5).
   It protects you from poison.
   It protects you from negative energy.
   It lets you see invisible.
 y - an uncursed ring of resist corrosion
 L - the ring "Vushrebyg" (left hand) {-Tele rC+ MP+9 Str+5 Dex+4}
   (You found it in a labyrinth)

   [ring of magical power]

   It affects your strength (+5).
   It affects your dexterity (+4).
   It protects you from cold.
   It affects your magic capacity (+9).
   It prevents most forms of teleportation.
 O - a +5 amulet of reflection (around neck)
 P - an uncursed amulet of harm
 Q - a +4 ring of evasion (right hand)
 S - a +3 ring of evasion
Wands
 i - a wand of lightning (8/15)
 A - a wand of iceblast (2/15)
 B - a wand of disintegration (14/24)
 H - a wand of flame (23/48)
Scrolls
 a - a scroll of amnesia
 e - 18 scrolls of identify
 f - 2 scrolls of magic mapping
 g - 3 scrolls of enchant armour
 j - 6 scrolls of recharging
 p - a scroll of remove curse
 D - 4 scrolls of teleportation
 K - a scroll of acquirement
 M - a scroll of fog
 N - a scroll of blinking
Books
 s - a book of Cantrips

   Spells                             Type                      Level
   a - Confusing Touch                Hexes                        1
   b - Animate Skeleton               Necromancy                   1
   c - Summon Small Mammal            Summoning                    1
   d - Apportation                    Translocation                1
 x - a book of Flames

   Spells                             Type                      Level
   a - Flame Tongue                   Conjuration/Fire             1
   b - Throw Flame                    Conjuration/Fire             2
   c - Conjure Flame                  Conjuration/Fire             3
   d - Inner Flame                    Hexes/Fire                   3
   e - Sticky Flame                   Conjuration/Fire             4
   f - Fireball                       Conjuration/Fire             5
 z - Ilupsam's Volume of Enchanting Air
   (You found it in a labyrinth)

   Spells                             Type                      Level
   a - Confusing Touch                Hexes                        1
   b - Dazzling Spray                 Conjuration/Hexes            3
   c - Mephitic Cloud                 Conjuration/Poison/Air       3
   d - Summon Guardian Golem          Hexes/Summoning              3
   e - Summon Lightning Spire         Summoning/Air                4
 I - a manual of Bows
 J - a book of Debilitation

   Spells                             Type                      Level
   a - Corona                         Hexes                        1
   b - Slow                           Hexes                        2
   c - Gell's Gravitas                Hexes/Translocation          3
   d - Inner Flame                    Hexes/Fire                   3
   e - Cause Fear                     Hexes                        4
   f - Leda's Liquefaction            Hexes/Earth                  4
 X - a manual of Dodging
 Y - a book of Beasts

   Spells                             Type                      Level
   a - Summon Butterflies             Summoning                    1
   b - Call Canine Familiar           Summoning                    3
   c - Summon Ice Beast               Ice/Summoning                4
   d - Summon Mana Viper              Hexes/Summoning              5
   e - Summon Hydra                   Summoning                    7


   Skills:
 + Level 11.0 Fighting
 + Level 13.6 Long Blades
 + Level 1.9 Bows
   Level 1.2 Crossbows
 + Level 1.0 Throwing
 + Level 8.3 Armour
 + Level 5.4 Dodging
 + Level 3.0 Stealth
 + Level 11.1 Shields
 - Level 0.1 Unarmed Combat
 + Level 1.2 Evocations


You had 10 spell levels left.
You knew the following spells:

 Your Spells              Type           Power        Failure   Level  Hunger
a - Corona                Hex            #......      100%        1    N/A
b - Slow                  Hex            #.......     100%        2    N/A

Dungeon Overview and Level Annotations

Branches:
Dungeon (15/15)            Temple (0/1) D:6            Lair (1/6) D:10
    Orc (0/2) D:12         Vaults (0/5) D:13         Depths (0/5) D:15

Altars:
Ashenzari
Cheibriados
Elyvilon
Fedhas
Makhleb
Nemelex Xobeh
Okawaru
Sif Muna
Uskayaw
The Shining One

Shops:
D:5 !*   D:12 (   D:13 (   D:14 }   D:15 [

Portals:
Trove: D:14 (show abyssal rune of Zot)

Annotations:
D:12 spiff's ghost, journeyman MfIE
D:15 exclusion: Roxanne, Roxanne


Innate Abilities, Weirdness & Mutations

You do not eat or drink.
Your flesh is vulnerable to fire.
You are immune to poison.
Your flesh is cold resistant. (rC+)
You are immune to negative energy. (rN+++)
You are immune to unholy pain and torment.
You can survive without breathing.
You are in touch with the powers of death.


Message History

You block the 19-headed hydra's attack.
The 19-headed hydra bites you but does no damage. x3
The 19-headed hydra completely misses you.
The 19-headed hydra bites you.
* * * LOW HITPOINT WARNING * * *
You block the 19-headed hydra's attack. The 19-headed hydra closely misses you.
The 19-headed hydra bites you but does no damage.
The 19-headed hydra closely misses you. The 19-headed hydra bites you.
* * * LOW HITPOINT WARNING * * *
The 19-headed hydra bites you but does no damage.
The 19-headed hydra bites you!
* * * LOW HITPOINT WARNING * * *
The 19-headed hydra bites you but does no damage.
You block the 19-headed hydra's attack. The 19-headed hydra barely misses you.
The 19-headed hydra misses you.
You continue taking off your +1 helmet of intelligence.
You block the 19-headed hydra's attack. x2
The 19-headed hydra bites you but does no damage.
The 19-headed hydra bites you.
You die...

###............#
...............#
...............#
####..........# #
#....###.#.# #
#...## ###.# #
##....# ..## ##
#....## #..# .#
##...P# #@# ##
#P...## #D#
.######...## #F#
.##.##.....# #Y#
..........## #Y#
......?...# ##Y#
..........# #..#
.....[....#####Y.##
...........Y.Y....#


You could see a 19-headed hydra, 4 yaks and a spiny frog.

Vanquished Creatures
  A ghoul (D:14)
  A yaktaur captain (D:15)
  Josephine (D:12)
  An ogre mage (D:14)
  A hydra (D:14)
  7 vault guards
  8 centaur warriors
  Erica (D:10)
  A tengu warrior (D:14)
  9 skeletal warriors
  2 unseen horrors
  3 hill giants
  A wolf spider zombie (D:15)
  3 deep elf magi
  3 cyclopes
  4 manticores
  10 ugly things
  Joseph (D:9)
  2 centaur skeletons
  2 gargoyles
  2 black mambas (Lair:1)
  A yaktaur (D:15)
  A freezing wraith (D:15)
  3 komodo dragons
  A tengu conjurer (D:15)
  6 trolls
  2 hornets
  Grinder (D:3)
  3 two-headed ogres
  5 blink frogs (Lair:1)
  7 slime creatures
  4 hippogriffs
  A meliai zombie (D:13)
  A water elemental (D:14)
  2 redbacks (Lab)
  A wyvern (D:13)
  2 shadows
  15 yaks
  6 wraiths
  A steam dragon (D:7)
  7 hungry ghosts
  6 vampire mosquitoes
  Edmund (D:4)
  3 mottled dragons (D:14)
  3 water moccasins
  A porcupine (Lair:1)
  Duvessa (D:4)
  2 black bears
  8 ice beasts
  2 sky beasts
  20 orc warriors
  29 centaurs
  8 ogres
  A necrophage (D:9)
  3 phantoms
  3 boggarts (D:13)
  2 big kobolds
  A crocodile (Lair:1)
  Blork the orc (D:4)
  A wyvern zombie (D:13)
  13 bullfrogs
  Dowan (D:4)
  4 scorpions
  A water moccasin skeleton (D:5)
  22 killer bees
  5 howler monkeys
  9 wights
  8 crimson imps
  3 bullfrog zombies
  3 centaur zombies
  2 quasits
  10 hounds
  2 jellies
  8 orc priests
  16 orc wizards
  4 iguanas
  9 worker ants
  A killer bee zombie (D:10)
  4 hound skeletons
  5 worker ant zombies
  15 adders
  7 shadow imps
  2 adder skeletons (D:8)
  3 worms
  4 dart slugs
  8 leopard geckos
  83 orcs
  8 bats
  6 giant cockroaches
  10 goblins
  11 hobgoblins
  10 jackals
  22 kobolds
  4 quokkas
  3 ball pythons
  5 frilled lizards
  A jackal skeleton (D:8)
  A leopard gecko skeleton (D:4)
  8 rats
571 creatures vanquished.

Vanquished Creatures (collateral kills)
  A minotaur (Lab)
1 creature vanquished.

Vanquished Creatures (others)
  A centaur warrior (D:15)
  A tengu warrior (D:15)
  2 cyclopes
  4 centaurs
  An orc wizard (D:12)
  3 plants
  4 withered plants (D:13)
16 creatures vanquished.

Grand Total: 588 creatures vanquished

Notes
Turn   | Place    | Note
-------+----------+-------------------------------------------
     0 | D:1      | equalderp2856 the Mummy Fighter began the quest for the Orb.
     0 | D:1      | Reached XP level 1. HP: 18/18 MP: 1/1
    95 | D:1      | Reached XP level 2. HP: 9/24 MP: 2/2
   859 | D:1      | Reached skill level 2 in Long Blades
   977 | D:1      | Reached XP level 3. HP: 27/29 MP: 3/3
  2055 | D:2      | Reached XP level 4. HP: 14/35 MP: 4/4
  2923 | D:3      | Found a snail-covered altar of Cheibriados.
  3084 | D:3      | Reached skill level 1 in Dodging
  3109 | D:3      | Found a burning altar of Makhleb.
  3151 | D:3      | Reached XP level 5. HP: 36/41 MP: 5/5
  3342 | D:3      | Noticed Grinder
  3342 | D:3      | Paralysed by Grinder for 3 turns
  3706 | D:4      | Noticed Duvessa
  3770 | D:4      | Killed Duvessa
  3770 | D:4      | Reached skill level 3 in Long Blades
  3770 | D:4      | Reached XP level 6. HP: 12/48 MP: 6/6
  3805 | D:4      | Noticed Dowan
  4187 | D:4      | Noticed Edmund
  4267 | D:3      | Paralysed by Grinder for 4 turns
  4318 | D:3      | Paralysed by Grinder for 2 turns
  4322 | D:3      | Killed Grinder
  4322 | D:3      | Reached skill level 4 in Long Blades
  4322 | D:3      | Reached XP level 7. HP: 43/55 MP: 7/7
  4405 | D:3      | Found an iron altar of Okawaru.
  4686 | D:4      | Killed Dowan
  5317 | D:4      | Killed Edmund
  5561 | D:4      | Noticed Blork the orc
  5575 | D:4      | Killed Blork the orc
  5650 | D:4      | Found a sparkling altar of Nemelex Xobeh.
  5789 | D:4      | Got a transparent hunting sling
  5793 | D:4      | Identified the +6 hunting sling of the Jolly Demons {freeze, MR++} (You found it on level 4 of the Dungeon)
  5884 | D:5      | Entered Level 5 of the Dungeon
  6042 | D:5      | Found Tananim's Assorted Antiques.
  6109 | D:5      | Reached XP level 8. HP: 61/61 MP: 8/8
  6116 | D:5      | Found Latax's Distillery.
  6440 | D:5      | Found a white marble altar of Elyvilon.
  6443 | D:5      | Found a deep blue altar of Sif Muna.
  6446 | D:5      | Found a shattered altar of Ashenzari.
  6548 | D:5      | Reached skill level 5 in Long Blades
  6639 | D:5      | Reached skill level 1 in Stealth
  7526 | D:6      | Found a staircase to the Ecumenical Temple.
  7688 | D:6      | Found a glowing golden altar of the Shining One.
  8469 | D:7      | Reached skill level 5 in Fighting
  8469 | D:7      | Reached skill level 6 in Long Blades
  8469 | D:7      | Reached skill level 5 in Shields
  8902 | D:7      | Reached skill level 5 in Armour
  8905 | D:7      | Reached XP level 9. HP: 60/68 MP: 9/9
  9366 | D:7      | Noticed a troll
  9401 | D:7      | Killed a troll
 10073 | D:7      | Learned a level 1 spell: Corona
 10076 | D:7      | Learned a level 2 spell: Slow
 10318 | D:7      | Reached skill level 7 in Long Blades
 11383 | D:8      | Reached XP level 10. HP: 52/76 MP: 10/10
 11884 | D:8      | Reached skill level 8 in Long Blades
 12136 | D:9      | Found a hide-covered altar of Uskayaw.
 12955 | D:9      | Noticed Joseph
 12971 | D:9      | Killed Joseph
 13378 | D:10     | Entered Level 10 of the Dungeon
 13502 | D:10     | Noticed a gargoyle
 13507 | D:10     | Killed a gargoyle
 13507 | D:10     | Reached skill level 9 in Long Blades
 13532 | D:10     | Found a flagged portal.
 13563 | Bailey   | Entered a bailey
 13975 | Bailey   | Reached skill level 1 in Crossbows
 15814 | Bailey   | Reached skill level 1 in Evocations
 15904 | Bailey   | Reached skill level 1 in Bows
 16931 | Bailey   | Identified 2 scrolls of acquirement
 16997 | D:10     | Reached XP level 11. HP: 83/84 MP: 11/11
 16999 | D:10     | Noticed Erica
 17009 | D:10     | Killed Erica
 17101 | D:10     | Identified a +1 rod of inaccuracy (9/9) (You took it off an orc in a bailey)
 17934 | D:10     | Found a staircase to the Lair.
 18144 | D:11     | Noticed a hill giant
 18156 | D:11     | Killed a hill giant
 18345 | D:11     | Found a labyrinth entrance.
 18380 | D:11     | Reached skill level 10 in Long Blades
 18401 | Lab      | Entered a labyrinth
 19897 | Lab      | Noticed a minotaur
 19908 | Lab      | Killed a minotaur
 19918 | Lab      | Identified Ilupsam's Volume of Enchanting Air
 19919 | Lab      | Got a flickering amber ring
 19919 | Lab      | Got a crude tin ring
 20040 | Lab      | Identified the ring "Vushrebyg" {-Tele rC+ MP+9 Str+5 Dex+4} (You found it in a labyrinth)
 20112 | Lab      | Identified the ring "Fizxiat" {rPois rN+ Dex+5 SInv} (You found it in a labyrinth)
 22432 | D:11     | Found a blossoming altar of Fedhas.
 22490 | D:11     | Noticed a purple ugly thing
 22502 | D:11     | Killed a purple ugly thing
 22683 | D:12     | Noticed Josephine
 22692 | D:12     | Killed Josephine
 22954 | D:12     | Noticed a centaur warrior
 22966 | D:12     | Killed a centaur warrior
 22966 | D:12     | Reached XP level 12. HP: 75/94 MP: 12/12
 22988 | D:12     | Reached skill level 1 in Throwing
 23250 | D:12     | Found a staircase to the Orcish Mines.
 23494 | D:12     | Found Heyziuts's Antique Weapon Emporium.
 23535 | D:12     | Noticed a centaur warrior
 23546 | D:12     | Killed a centaur warrior
 23546 | D:12     | Reached skill level 11 in Long Blades
 23635 | D:12     | Reached skill level 5 in Dodging
 23934 | D:12     | Found a glowing golden altar of the Shining One.
 24087 | D:12     | Noticed spiff's ghost (journeyman MfIE)
 25553 | D:13     | Noticed a centaur warrior
 25559 | D:13     | Killed a centaur warrior
 25577 | D:13     | Noticed a ghoul
 26276 | D:13     | Noticed a vault guard
 26276 | D:13     | Noticed a vault guard
 26276 | D:13     | Noticed a vault guard
 26277 | D:13     | Noticed a vault guard
 26277 | D:13     | Found a gate to the Vaults.
 26277 | D:13     | Noticed a vault guard
 26277 | D:13     | Noticed a vault guard
 26278 | D:13     | Noticed a vault guard
 26278 | D:13     | Noticed a vault guard
 26292 | D:13     | Killed a vault guard
 26322 | D:13     | Killed a vault guard
 26329 | D:13     | Killed a vault guard
 26329 | D:13     | Gained mutation: You are in touch with the powers of death. [Mummy growth]
 26329 | D:13     | Reached XP level 13. HP: 63/101 MP: 13/13
 26845 | D:13     | Found Ydghut's Antique Weapon Shop.
 27161 | D:13     | Reached skill level 12 in Long Blades
 27992 | D:14     | Reached skill level 10 in Fighting
 27993 | D:14     | Found Xafamp's Gadget Boutique.
 28670 | D:14     | Reached skill level 10 in Shields
 28761 | D:14     | Found a portal to a secret trove of treasure.
 29578 | D:15     | Entered Level 15 of the Dungeon
 29587 | D:15     | Found Jueleo's Armour Shop.
 29600 | D:15     | Reached skill level 13 in Long Blades
 29832 | D:14     | Reached XP level 14. HP: 108/110 MP: 14/14
 30005 | D:14     | Killed a ghoul
 30880 | D:15     | Found a staircase to the Depths.
 31139 | D:15     | Noticed Roxanne
 32012 | Lair:1   | Entered Level 1 of the Lair of Beasts
 32831 | Lair:1   | HP: 1/113 [19-headed hydra (11)]
 32832 | Lair:1   | Slain by a 19-headed hydra

Skill      XL: |  1  2  3  4  5  6  7  8  9 10 11 12 13 14 |
---------------+-------------------------------------------+-----
Long Blades    | 2 3 4 6 7 9 10 11 13 | 13.6
Dodging        | 1 2 3 4 5 |  5.4
Shields        | 3 4 5 6 7 9 10 11 | 11.1
Armour         | 3 4 5 6 7 8 |  8.3
Fighting       | 4 5 7 8 9 10 11 | 11.0
Stealth        | 1 2 3 |  3.0
Crossbows      | 1 |  1.2
Evocations     | 1 |  1.2
Bows           | 1 |  1.9
Throwing       | 1 |  1.0
Unarmed Combat | |  0.1

Action                   |  1- 3 |  4- 6 |  7- 9 | 10-12 | 13-15 || total
-------------------------+-------+-------+-------+-------+-------++-------
Melee: Long sword        |   183 |   202 |   729 |       |   366 ||  1480
       Great sword       |       |       |    73 |   269 |       ||   342
       Unarmed           |       |       |       |   284 |       ||   284
       Scimitar          |       |       |       |   500 |   433 ||   933
 Fire: Arbalest          |       |       |       |    68 |       ||    68
       Longbow           |       |       |       |    38 |       ||    38
Throw: Stone             |       |       |       |    14 |       ||    14
       Javelin           |       |       |       |     4 |       ||     4
Evoke: Wand              |       |       |       |    15 |     1 ||    16
       Box of beasts     |       |       |       |     6 |       ||     6
       Rod               |       |       |       |     1 |       ||     1
  Use: Scroll            |       |     6 |     6 |     7 |       ||    19
 Stab: Sleeping          |       |       |     2 |       |       ||     2
       Paralysed         |       |       |       |     2 |       ||     2
       Distracted        |       |       |       |     2 |       ||     2
Armor: Scale mail        |   102 |    48 |       |       |       ||   150
       Plate armour      |       |    35 |   317 |   138 |   271 ||   761
       Leather armour    |       |       |    16 |       |       ||    16
       Robe              |       |       |    51 |    44 |       ||    95
       Ring mail         |       |       |       |   124 |       ||   124
       Skin              |       |       |       |     2 |       ||     2
Dodge: Dodged            |    73 |    35 |   276 |   443 |   237 ||  1064
Block: Shield            |   100 |   102 |   404 |   577 |   654 ||  1837
       Other             |       |       |    57 |    77 |       ||   134
       Reflection        |       |       |       |    45 |    43 ||    88
       Rpst.: Long sword |    22 |    16 |    59 |       |    22 ||   119
       Great sword       |       |       |    33 |    51 |       ||    84
       Scimitar          |       |       |       |    31 |    11 ||    42
